 Dungeon Crawl Stone Soup version 0.23.1 (webtiles) character file.

Game seed: 18213411770096835082

119 esteth the Magician (level 5, -1/55 HPs)
             Began as a Gnoll Wizard on Mar 16, 2019.
             Killed from afar by an orc wizard (4 damage)
             ... with a puff of flame
             ... on level 4 of the Dungeon.
             The game lasted 00:05:50 (2608 turns).

esteth the Magician (Gnoll Wizard)                  Turns: 2608, Time: 00:05:51

Health: -1/55      AC: 22    Str:  9    XL:     5   Next: 3%
Magic:  3/14       EV:  2    Int: 20    God:
Gold:   176        SH:  0    Dex: 15    Spells: 7/18 levels left

rFire    + . .     SeeInvis .   g - +0 whip
rCold    . . .     Gourm    .   (no shield)
rNeg     + + +     Faith    .   (armour currently unavailable)
rPois    +         Spirit   .   (helmet currently unavailable)
rElec    .         Reflect  .   (cloak currently unavailable)
rCorr    .         Harm     .   (gloves currently unavailable)
MR       .....     NoTele   +   (boots currently unavailable)
Stlth    +++.......             (no amulet)
HPRegen  0.18/turn              (no ring)
MPRegen  0.14/turn              o - ring of protection from fire

@: tree-form
A: distributed training, agile 1, dopey 1, MP-powered wands, strong nose
a: no special abilities


You were on level 4 of the Dungeon.
You were not hungry.
You were a tree.
You visited 1 branch of the dungeon, and saw 4 of its levels.

You collected 176 gold pieces.

Inventory:

Hand Weapons
 g - a +0 whip (weapon)
Armour
 a - a +0 robe (melded)
 b - a +0 hat (melded)
 c - a +1 cloak (melded)
Jewellery
 h - an uncursed ring of attention
 o - a ring of protection from fire (right branch)
Scrolls
 j - 2 scrolls of magic mapping
 m - a scroll of remove curse
 q - 4 scrolls of identify
Potions
 f - a potion of lignification
 l - a potion of heal wounds {unknown}
 n - 2 potions of agility {unknown}
 r - a potion of might {unknown}
Comestibles
 d - 6 rations
 p - a chunk of flesh


   Skills:
 + Level 1.3 Fighting
 + Level 1.3 Short Blades
 + Level 1.3 Long Blades
 + Level 1.3 Axes
 + Level 1.3 Maces & Flails
 + Level 1.3 Polearms
 + Level 1.3 Staves
 + Level 1.3 Slings
 + Level 1.3 Bows
 + Level 1.3 Crossbows
 + Level 1.3 Throwing
 + Level 1.3 Armour
 + Level 4.7 Dodging
 + Level 4.3 Stealth
 + Level 1.3 Shields
 + Level 1.3 Unarmed Combat
 + Level 7.2 Spellcasting
 + Level 2.3 Conjurations
 + Level 1.0 Hexes
 + Level 1.0 Charms
 + Level 2.3 Summonings
 + Level 1.0 Necromancy
 + Level 2.3 Translocations
 + Level 1.0 Transmutations
 + Level 1.0 Fire Magic
 + Level 1.0 Ice Magic
 + Level 1.0 Air Magic
 + Level 1.0 Earth Magic
 + Level 1.0 Poison Magic
 + Level 1.4 Invocations
 + Level 1.3 Evocations


You had 7 spell levels left.
You knew the following spells:

 Your Spells              Type           Power        Failure   Level  Hunger
a - Magic Dart            Conj           ###.         3%          1    None
b - Call Imp              Summ           ###.....     5%          2    None
c - Blink                 Tloc           N/A          5%          2    None
d - Mephitic Cloud        Conj/Pois/Air  ##......     16%         3    #......
e - Conjure Flame         Conj/Fire      ##......     14%         3    #......

Your spell library contained the following spells:

 Spells                   Type           Power        Failure   Level  Hunger
 Slow                     Hex            ##......     9%          2    None


Dungeon Overview and Level Annotations

Branches:
Dungeon (4/15)
 Temple: D:4-7

Altars:
Hepliaklqana


Innate Abilities, Weirdness & Mutations

Your experience applies equally to all skills.
((You have very sharp teeth.))
Your uncanny sense of smell can sniff out nearby items.
You are agile. (Dex +2)
You are dopey. (Int -2)
((Your system is resistant to poisons. (rPois)))
You expend magic power (3 MP) to strengthen your wands.


Message History

The orc wizard points at you and mumbles some strange words.
The puff of frost hits you!
* * * LOW HITPOINT WARNING * * *
Something hits your iron imp but does no damage.
Your iron imp barely misses something.
Your magical contamination has completely faded away.
It was a potion of lignification.
You turn into a tree.
Your +1 cloak melds into your body.
Your +0 hat melds into your body.
Your +0 robe melds into your body.
Your roots penetrate the ground.
The orc wizard hits you with a +0 dagger.
* * * LOW HITPOINT WARNING * * *
Something hits you but does no damage.
It was a potion of mutation.
You feel extremely strange.
You feel your magical essence link to your wands.
You feel stupid.
You feel agile.
You feel resistant to poisons.
The orc wizard looks satisfied for a moment.
You hear some strange, mumbled words.
A puff of flame appears from out of thin air!
The puff of flame hits you. You resist.
You die...

############# #...........#
#...........# #..§..§.....#
#....5oo....#### ##
#...§♣{o.).....#...
#########..??..#.). #........
#......#.....
#########oo....##...#
#.......#.o....##...#
#########.......#{.....##...#
#......#.........#.######...##
#.####.#.........#.######.....


You could see 2 orc wizards, an orc and a friendly iron imp.

Vanquished Creatures
  7 adders
  An ooze (D:1)
  A dart slug (D:2)
  A leopard gecko (D:1)
  5 orcs
  2 giant cockroaches
  4 hobgoblins
  4 jackals (D:2)
  A ball python (D:1)
  4 bats
  5 frilled lizards
  3 goblins
  4 kobolds
  A leopard gecko skeleton (D:4)
  7 rats
50 creatures vanquished.

Notes
Turn   | Place    | Note
-------+----------+-------------------------------------------
     0 | D:1      | esteth the Gnoll Wizard began the quest for the Orb.
     0 | D:1      | Reached XP level 1. HP: 13/13 MP: 8/8
   148 | D:1      | Reached XP level 2. HP: 20/20 MP: 2/10
   865 | D:2      | Reached XP level 3. HP: 25/25 MP: 6/11
   915 | D:2      | Learned a level 2 spell: Call Imp
   918 | D:2      | Learned a level 2 spell: Blink
   922 | D:2      | Learned a level 3 spell: Mephitic Cloud
   926 | D:2      | Learned a level 3 spell: Conjure Flame
  1076 | D:2      | Reached skill level 1 in Invocations
  1699 | D:3      | Reached skill level 1 in Fighting
  1699 | D:3      | Reached skill level 1 in Short Blades
  1699 | D:3      | Reached skill level 1 in Long Blades
  1699 | D:3      | Reached skill level 1 in Axes
  1699 | D:3      | Reached skill level 1 in Maces & Flails
  1699 | D:3      | Reached skill level 1 in Polearms
  1699 | D:3      | Reached skill level 1 in Staves
  1699 | D:3      | Reached skill level 1 in Slings
  1699 | D:3      | Reached skill level 1 in Bows
  1699 | D:3      | Reached skill level 1 in Crossbows
  1699 | D:3      | Reached skill level 1 in Throwing
  1699 | D:3      | Reached skill level 1 in Armour
  1699 | D:3      | Reached skill level 1 in Shields
  1699 | D:3      | Reached skill level 1 in Unarmed Combat
  1699 | D:3      | Reached skill level 1 in Evocations
  1731 | D:3      | Found a faded altar of an unknown god.
  1753 | D:3      | Reached XP level 4. HP: 27/32 MP: 10/13
  2033 | D:3      | Reached skill level 1 in Hexes
  2033 | D:3      | Reached skill level 1 in Charms
  2033 | D:3      | Reached skill level 1 in Necromancy
  2033 | D:3      | Reached skill level 1 in Transmutations
  2033 | D:3      | Reached skill level 1 in Fire Magic
  2033 | D:3      | Reached skill level 1 in Ice Magic
  2033 | D:3      | Reached skill level 1 in Air Magic
  2033 | D:3      | Reached skill level 1 in Earth Magic
  2033 | D:3      | Reached skill level 1 in Poison Magic
  2413 | D:3      | Reached XP level 5. HP: 37/37 MP: 10/14
  2420 | D:3      | Found a hazy altar of Hepliaklqana.
  2608 | D:4      | Gained mutation: You expend magic power (3 MP) to
                  | strengthen your wands. [potion of mutation]
  2608 | D:4      | Gained mutation: You are dopey. (Int -2) [potion of
                  | mutation]
  2608 | D:4      | Gained mutation: You are agile. (Dex +2) [potion of
                  | mutation]
  2608 | D:4      | Gained mutation: Your system is resistant to poisons.
                  | (rPois) [potion of mutation]
  2608 | D:4      | Killed from afar by an orc wizard

Skill      XL: |  1  2  3  4 |
---------------+-------------+-----
Conjurations   | 2 |  2.3
Summonings     | 2 |  2.3
Translocations | 2 |  2.3
Invocations    | 1 |  1.4
Fighting       | 1 |  1.3
Short Blades   | 1 |  1.3
Long Blades    | 1 |  1.3
Axes           | 1 |  1.3
Maces & Flails | 1 |  1.3
Polearms       | 1 |  1.3
Staves         | 1 |  1.3
Slings         | 1 |  1.3
Bows           | 1 |  1.3
Crossbows      | 1 |  1.3
Throwing       | 1 |  1.3
Armour         | 1 |  1.3
Shields        | 1 |  1.3
Unarmed Combat | 1 |  1.3
Evocations     | 1 |  1.3
Hexes          | 1 |  1.0
Charms         | 1 |  1.0
Necromancy     | 1 |  1.0
Transmutations | 1 |  1.0
Fire Magic     | 1 |  1.0
Ice Magic      | 1 |  1.0
Air Magic      | 1 |  1.0
Earth Magic    | 1 |  1.0
Poison Magic   | 1 |  1.0
Dodging        | |  4.7
Stealth        | |  4.3
Spellcasting   | |  7.2

Action                   |  1- 3 |  4- 6 || total
-------------------------+-------+-------++-------
Melee: Whip              |    34 |    10 ||    44
       Bite              |     2 |       ||     2
 Cast: Magic Dart        |    52 |    49 ||   101
       Mephitic Cloud    |       |     1 ||     1
       Call Imp          |       |     1 ||     1
  Use: Scroll            |     6 |     2 ||     8
       Potion            |       |     4 ||     4
 Stab: Sleeping          |     1 |     1 ||     2
  Eat: Ration            |     1 |       ||     1
       Chunk             |       |     2 ||     2
Armor: Robe              |    14 |     5 ||    19
Dodge: Dodged            |    29 |    18 ||    47
